 Dungeon Crawl Stone Soup version 0.16.1-5-gaa23807 (webtiles) character file.

196 Chiseanne the Insei (level 5, -9/28 HPs)
             Began as a Vine Stalker Monk on Mar 28, 2015.
             Was an Initiate of Gozag.
             Mangled by an ogre
             ... wielding a +0 giant club
              (21 damage)
             ... on level 4 of the Dungeon.
             The game lasted 00:09:43 (2891 turns).

Chiseanne the Insei (Vine Stalker Monk)             Turns: 2891, Time: 00:09:44

Health: -9/28      AC:  4    Str: 19    XL:     5   Next: 74%
Magic:  0/7        EV: 14    Int: 10    God:    Gozag
Gold:   231        SH:  0    Dex: 18    Spells: 0 memorised, 4 levels left

rFire  . . .     SeeInvis .       - Unarmed
rCold  . . .     Clarity  .     p - +0 leather armour
rNeg   . . .     SustAb   .     (no shield)
rPois  .         Gourm    .     (no helmet)
rElec  .         Spirit   +     n - +0 cloak
rCorr  .         Warding  .     (no gloves)
rMut   .         Stasis   .     (no boots)
MR     .....                    (no amulet)
Stlth  ++........               (no ring)
                                c - +6 ring of strength

@: not resistant to hostile enchantments, unstealthy
A: fangs 2, regeneration 1, magic shield, antimagic bite, no device heal 3, rot
immunity
a: Potion Petition, Call Merchant, Bribe Branch, Renounce Religion


You were on level 4 of the Dungeon.
You worshipped Gozag.
Gozag was noncommittal.
You were not hungry.

You visited 1 branch of the dungeon, and saw 4 of its levels.

You collected 231 gold pieces.

Inventory:

Hand weapons
 w - a +0 blowgun
Missiles
 e - 6 needles of frenzy
 k - 56 poisoned needles
 q - 5 needles of slowing
Armour
 n - a +0 cloak (worn)
 p - a +0 leather armour (worn)
Jewellery
 c - a +6 ring of strength (left hand)
Scrolls
 a - a scroll of remove curse
 g - a scroll of identify
 h - 3 scrolls of teleportation
 m - a scroll of amnesia
Potions
 d - a potion of haste
 f - 2 potions of might
 i - a potion of ambrosia
 j - a potion of magic {unknown}
 l - a potion of agility {unknown}
Comestibles
 b - 2 bread rations
 o - 2 meat rations
 r - a beef jerky


   Skills:
 * Level 3.5 Fighting
 * Level 3.7 Dodging
 - Level 2.4 Stealth
 * Level 5.2 Unarmed Combat


You had 4 spell levels left.
You didn't know any spells.

Dungeon Overview and Level Annotations

Branches:
Dungeon (4/15)
 Temple: D:4-7

Altars:
Gozag
Yredelemnul
The Shining One


Innate Abilities, Weirdness & Mutations

You have extremely sharp teeth.
Your natural rate of healing is unusually fast.
When hurt, damage is shared between your health and your magic reserves.
Your bite disrupts and absorbs the magic of your enemies.
Potions and wands cannot restore your health.
You are immune to rotting.


Message History

You bite the orc priest, but do no damage.
The orc priest is lightly wounded.
The orc wizard gestures wildly while chanting.
The orc wizard flickers and vanishes!
Deactivating autopickup; reactivate with Ctrl-A.
The orc priest calls down the wrath of Beogh upon you.
Something smites you!
You hit the orc priest.
You bite the orc priest, but do no damage.
The orc priest is lightly wounded.
Something hits you but does no damage. The ogre barely misses you.
The orc priest barely misses you. Something hits you.
You hit the orc priest but do no damage.
You bite the orc priest, but do no damage.
The orc priest is lightly wounded.
You hear some strange, mumbled words.
The puff of frost hits you! The ogre hits you with a giant club!!
Ouch! That really hurt!
You die...
Your body crumbles into a pile of gold.

###### .?#..
#.#.# ####.#.####
#.#.........
#.#?.#o...#.#.
#.#..#Oo.......
#.....@{o...#
##.....###.###
##.......##.###.
#............o..#
##....<^.##...<.
##.....## ....
##...## ?.. ##.##
. #.


You could see an ogre, an orc priest and 2 orcs.

Vanquished Creatures
  An iguana (D:3)
  3 gnolls (D:2)
  7 adders
  2 worms (D:2)
  A giant gecko (D:3)
  5 orcs (D:3)
  8 bats
  2 giant cockroaches
  4 goblins
  7 hobgoblins
  8 kobolds
  A quokka (D:2)
  3 giant newts
  8 jackals
  6 rats
66 creatures vanquished.

Notes
Turn   | Place    | Note
--------------------------------------------------------------
     0 | D:1      | Chiseanne, the Vine Stalker Monk, began the quest for the Orb.
     0 | D:1      | Reached XP level 1. HP: 11/11 MP: 1/1
   215 | D:1      | Reached XP level 2. HP: 16/16 MP: 3/3
   766 | D:2      | Reached XP level 3. HP: 12/20 MP: 2/4
  1179 | D:2      | HP: 1/20 [gnoll/flail (1)]
  1183 | D:2      | Reached XP level 4. HP: 2/24 MP: 2/5
  1288 | D:2      | Found an opulent altar of Gozag.
  1664 | D:2      | Found a basalt altar of Yredelemnul.
  1666 | D:2      | Noticed a profane servitor
  1674 | D:2      | Found a glowing golden altar of the Shining One.
  1675 | D:2      | Noticed an angel
  1758 | D:2      | Reached skill level 5 in Unarmed Combat
  1899 | D:2      | Became a worshipper of Gozag Ym Sagoz the Greedy
  1940 | D:3      | Reached XP level 5. HP: 28/28 MP: 7/7
  2883 | D:4      | Noticed an ogre
  2891 | D:4      | Mangled by an ogre

Action                   |  1- 3 |  4- 6 || total
-------------------------+-------+-------++-------
Melee: Unarmed           |   122 |   133 ||   255
  Use: Scroll            |       |     7 ||     7
 Stab: Sleeping          |       |     3 ||     3
  Eat: Chunk             |     1 |     1 ||     2
       Fruit             |       |     3 ||     3
       Bread ration      |       |     1 ||     1
